 Dungeon Crawl Stone Soup version 0.25-a0-701-gb30f108 (webtiles) character file.

Game seed: 4992969148911214327, levelgen mode: deterministic

2321 Amaryllis the Slicer (level 9, -3/43 HPs)
             Began as a Vine Stalker Abyssal Knight on Apr 3, 2020.
             Was an Elder of Lugonu.
             Slain by a killer bee (5 damage)
             ... on level 7 of the Dungeon.
             The game lasted 00:32:06 (5428 turns).

Amaryllis the Slicer (Vine Stalker Abyssal Knight)  Turns: 5428, Time: 00:32:07

Health: -3/43      AC:  9    Str: 17    XL:     9   Next: 41%
Magic:  0/11       EV:  9    Int: 12    God:    Lugonu [****..]
Gold:   394        SH:  0    Dex: 15    Spells: 8/8 levels left

rFire    . . .     SeeInvis .   x - +1 rapier (flame)
rCold    . . .     Gourm    .   (no shield)
rNeg     + . .     Faith    .   v - +0 scale mail
rPois    .         Spirit   +   w - +0 helmet
rElec    .         Reflect  .   (no cloak)
rCorr    .         Harm     .   m - +0 pair of gloves
MR       +....                  r - +0 pair of boots
Stlth    +.........             (no amulet)
HPRegen  0.54/turn              q - ring of positive energy
MPRegen  0.12/turn              z - ring of stealth

@: lethally poisoned (-3 -> -13), hasted, very quick
A: fangs 3, regeneration 1, magic shield, antimagic bite, no potion heal 3, rot
immunity
a: Depart the Abyss, Bend Space, Banish, Corrupt, Renounce Religion


You were on level 7 of the Dungeon.
You worshipped Lugonu.
Lugonu was greatly pleased with you.
You were not hungry.

You visited 1 branch of the dungeon, and saw 8 of its levels.
You visited the Abyss 1 time.
You also visited: Sewer.

You collected 394 gold pieces.

Inventory:

Hand Weapons
 a - a +1 short sword
 k - a +3 dagger of protection
 x - a +1 rapier of flaming (weapon)
Missiles
 D - 46 stones (quivered)
Armour
 b - a +0 leather armour
 d - a +0 kite shield
 f - a +0 ring mail
 m - a +0 pair of gloves (worn)
 r - a +0 pair of boots (worn)
 t - a +0 plate armour
 v - a +0 scale mail (worn)
 w - a +0 helmet (worn)
 A - a +3 ring mail
Jewellery
 q - a ring of positive energy (left hand)
 z - a ring of stealth (right hand)
 F - a +3 ring of intelligence
Wands
 y - a wand of random effects (22)
 C - a wand of enslavement (10)
Scrolls
 e - 5 scrolls of remove curse
 g - 2 scrolls of identify
 l - 2 scrolls of enchant armour
 n - 5 scrolls of teleportation
Potions
 h - 2 potions of lignification
 i - 2 potions of haste
 j - a potion of stabbing
 o - 3 potions of degeneration
 p - 3 potions of curing
 s - a potion of mutation
 u - 3 potions of flight
 B - 2 potions of heal wounds
 E - a potion of brilliance {unknown}
Comestibles
 c - 6 rations


   Skills:
 - Level 2.6 Fighting
 * Level 11.2 Short Blades
 - Level 1.5 Armour
 - Level 0.7 Dodging
 - Level 1.1 Stealth
 - Level 1.7 Invocations


You had 8 spell levels left.
You didn't know any spells.
Your spell library contained the following spells:

 Spells                   Type           Power        Failure   Level  Hunger
 Magic Dart               Conj           #...         75%         1    ##.....
 Searing Ray              Conj           #.....       86%         2    ###....
 Dazzling Flash           Conj/Hex       #.....       98%         3    ####...
 Fulminant Prism          Conj/Hex       #.........   100%        4    #####..
 Iskenderun's Mystic Bla  Conj/Tloc      #.......     100%        4    #####..


Dungeon Overview and Level Annotations

Branches:
Dungeon (8/15)             Temple (0/1) D:7           Sewer (visited)
   Lair: D:8-11

Altars:
Ashenzari
Dithmenos
Nemelex Xobeh
Uskayaw
Vehumet
Zin

Annotations:
D:2 Jessica


Innate Abilities, Weirdness & Mutations

You have razor-sharp teeth.
Your natural rate of healing is unusually fast.
When hurt, damage is shared between your health and your magic reserves.
Your bite disrupts and absorbs the magic of your enemies.
Potions cannot restore your health.
You are immune to rotting.


Message History

You are lethally poisoned!
The killer bee poisons you!
The killer bee stings you but does no damage.
You feel yourself speed up.
* * * LOW HITPOINT WARNING * * *
You feel sick. The killer bee stings you.
* * * LOW HITPOINT WARNING * * *
You are more poisoned.
The killer bee poisons you!
The killer bee stings you but does no damage. x2
The killer bee closely misses you.
* * * LOW HITPOINT WARNING * * *
You feel sick. The killer bee barely misses you.
The killer bee stings you but does no damage.
* * * LOW HITPOINT WARNING * * *
You feel sick.
The killer bee stings you but does no damage.
* * * LOW HITPOINT WARNING * * *
You feel sick. The killer bee stings you!
You die...

# #...............###########.#
######................## #.....#
...# ##.............#..## #.#####
...########...#####.##..###.#
.............## #.###.....#
....##....#.## #.# ####..#
.............#### #.# ##...#####
###.#######....y###.####..#......
....# #..>.y@....(...........
.#### ###.#######......###.....
>.#######...# #...#<(########
..........### #.......#######
.........##########>....#)......#
...####....................####..
...# #############..8.8.8..((..<
...# #..⌠.⌠.⌠.###### ####
#........#


You could see 2 killer bees.

Vanquished Creatures
  A hippogriff (D:6)
  Eustachio (D:4)
  An eye of draining (D:7)
  2 black bears
  An ice beast (D:7)
  2 phantoms (D:7)
  2 centaurs (D:7)
  A big kobold (Sewer)
  3 bullfrogs
  3 killer bees (D:7)
  5 howler monkeys
  3 crimson imps
  A hound (D:6)
  A jelly (D:6)
  3 orc wizards (D:6)
  2 iguanas
  7 worker ants
  4 gnolls (D:6)
  11 adders
  A river rat (Sewer)
  A shadow imp (D:7)
  An ooze (D:2)
  An adder skeleton (D:4)
  2 worms
  2 leopard geckos
  11 orcs
  5 bats
  7 giant cockroaches
  10 goblins
  7 hobgoblins
  14 jackals
  15 kobolds
  5 quokkas
  3 ball pythons
  A ball python skeleton (D:5)
  3 frilled lizards
  A jackal zombie (D:5)
  A leopard gecko skeleton (D:7)
  15 rats
160 creatures vanquished.

Notes
Turn   | Place    | Note
-------+----------+-------------------------------------------
     0 | Abyss:1  | Amaryllis the Vine Stalker Abyssal Knight began the quest
                  | for the Orb.
     0 | Abyss:1  | Reached XP level 1. HP: 11/11 MP: 3/3
    69 | Abyss:1  | Found a corrupted altar of Lugonu.
    98 | Abyss:1  | Noticed a worldbinder
   100 | Abyss:1  | Noticed an orc priest
   100 | Abyss:1  | Noticed an orc priest
   100 | D:1      | Escaped the Abyss
   169 | D:1      | Reached skill level 2 in Short Blades
   184 | D:1      | Reached * piety under Lugonu
   291 | D:1      | Reached XP level 2. HP: 11/16 MP: 4/4
   570 | D:2      | Reached skill level 3 in Short Blades
   570 | D:2      | Reached XP level 3. HP: 19/19 MP: 5/5
   984 | D:2      | Gained mutation: Your natural rate of healing is unusually
                  | fast. [Vine Stalker growth]
   984 | D:2      | Reached XP level 4. HP: 22/23 MP: 6/6
   992 | D:2      | Reached ** piety under Lugonu
   992 | D:2      | Reached skill level 1 in Stealth
  1067 | D:2      | Reached skill level 4 in Short Blades
  1091 | D:2      | Noticed Jessica
  1747 | D:3      | Reached XP level 5. HP: 19/27 MP: 7/7
  1932 | D:4      | Found a sparkling altar of Nemelex Xobeh.
  2003 | D:4      | Reached skill level 5 in Short Blades
  2066 | D:4      | Found a radiant altar of Vehumet.
  2301 | D:4      | Reached *** piety under Lugonu
  2301 | D:4      | Reached XP level 6. HP: 25/32 MP: 5/8
  2336 | D:4      | Noticed Eustachio
  2349 | D:5      | Entered Level 5 of the Dungeon
  2400 | D:5      | Reached skill level 6 in Short Blades
  2685 | D:5      | Reached XP level 7. HP: 33/35 MP: 9/9
  2705 | D:5      | Found a shattered altar of Ashenzari.
  2794 | D:5      | Found a glowing silver altar of Zin.
  3032 | D:4      | Found a shadowy altar of Dithmenos.
  3061 | D:4      | Killed Eustachio
  3061 | D:4      | Reached skill level 7 in Short Blades
  3340 | D:6      | Found a hide-covered altar of Uskayaw.
  3766 | D:6      | Reached skill level 8 in Short Blades
  3835 | D:6      | Gained mutation: You have razor-sharp teeth. [Vine Stalker
                  | growth]
  3835 | D:6      | Reached XP level 8. HP: 31/39 MP: 10/10
  3893 | D:6      | Found a glowing drain.
  3906 | Sewer    | Entered a sewer
  3991 | Sewer    | Found a white marble altar of Elyvilon.
  4189 | D:6      | Reached **** piety under Lugonu
  4475 | D:6      | Reached skill level 9 in Short Blades
  4674 | D:7      | Found a staircase to the Ecumenical Temple.
  4890 | D:7      | Reached skill level 10 in Short Blades
  4912 | D:7      | Reached XP level 9. HP: 42/43 MP: 11/11
  5291 | D:6      | Reached skill level 11 in Short Blades
  5427 | D:7      | HP: 2/43 [poisoned by a killer bee]
  5428 | D:7      | Slain by a killer bee

Levels and vault maps discovered:
D:1:      psy_arrival_radial02, layout_rooms
D:2:      layout_basic, uniq_jessica
D:3:      layout_loops_ring, first_ration, minmay_close_crescents
D:4:      layout_rooms, nemelex_xobeh_ov_fountains_minmay, marbit_many_paths,
          lemuel_doored_altar, grunt_decor_clamped, minivault_27,
          minmay_between, uniq_eustachio
D:5:      layout_gridville, zin_treasury, minmay_misc_feat_secret_circle,
          nicolae_ashenzari_panopticon
D:6:      layout_loops_cross, lemuel_round_altar, portal_sewer_entry_d,
          uniq_edmund
D:7:      layout_rooms, minmay_temple_entry_drinking_statues
D:8:      layout_loops_ring, grunt_lair_entry_orc_guard_hut, serial_shops, shop,
          ebering_ghost_xom, uniq_joseph

Skill      XL: |  1  2  3  4  5  6  7  8  9 |
---------------+----------------------------+-----
Short Blades   | 2 3 4 5 6 8 10 11 | 11.2
Stealth        | 1 |  1.1
Fighting       | |  2.6
Armour         | |  1.5
Dodging        | |  0.7
Invocations    | |  1.7

Action                   |  1- 3 |  4- 6 |  7- 9 || total
-------------------------+-------+-------+-------++-------
Melee: Short sword       |    49 |       |       ||    49
       Bite              |    25 |    70 |    71 ||   166
       Dagger            |    42 |   254 |    38 ||   334
       Rapier            |       |       |   259 ||   259
Invok: Depart the Abyss  |     1 |       |       ||     1
       Bend Space        |       |     1 |       ||     1
  Use: Scroll            |       |    11 |     8 ||    19
       Potion            |       |       |     2 ||     2
 Stab: Sleeping          |     1 |       |       ||     1
  Eat: Chunk             |       |     6 |     7 ||    13
       Ration            |       |       |     1 ||     1
Armor: Leather armour    |    13 |       |       ||    13
       Ring mail         |    13 |    45 |       ||    58
       Scale mail        |       |    53 |   143 ||   196
Dodge: Dodged            |    65 |    88 |   122 ||   275

Table legend:
 A = Non-vault XP
 B = Vault XP
 C = Vault XP percentage of total XP
 D = Non-vault monster count
 E = Vault monster count
 F = Vault count percentage of total count
                 A         B        C        D         E       F
            +---------+---------+-------+---------+---------+-------
      Total |    2960 |     356 |  10.7 |     138 |      22 |  13.8
            +---------+---------+-------+---------+---------+-------
        D:1 |      22 |       0 |   0.0 |      15 |       0 |   0.0
        D:2 |      96 |       0 |   0.0 |      29 |       0 |   0.0
        D:3 |      42 |      12 |  22.2 |      16 |       5 |  23.8
        D:4 |     200 |     205 |  50.6 |      14 |       4 |  22.2
        D:5 |     256 |       0 |   0.0 |      14 |       0 |   0.0
        D:6 |    1038 |      14 |   1.3 |      30 |       1 |   3.2
        D:7 |    1306 |       0 |   0.0 |      20 |       0 |   0.0
      Sewer |       0 |     125 | 100.0 |       0 |      12 | 100.0
            +---------+---------+-------+---------+---------+-------
